 Dungeon Crawl Stone Soup version 0.29-a0-284-gf9362112df (webtiles) character file.

Game seed: 5477094271043618873

106235 siradein the Reanimator (level 15, -1/135 HPs)
             Began as a Deep Dwarf Necromancer on Mar 24, 2022.
             Was the Champion of Makhleb.
             Slain by a snapping turtle (9 damage)
             ... on level 2 of the Shoals on Mar 25, 2022.
             The game lasted 02:23:54 (46358 turns).

siradein the Reanimator (Deep Dwarf Necromancer)   Turns: 46358, Time: 02:23:56

Health: -1/135     AC: 29    Str: 12    XL:     15   Next: 97%
Magic:  4/27       EV: 12    Int: 30    God:    Makhleb [******]
Gold:   4261       SH: 11    Dex: 16    Spells: 12/31 levels left

rFire   + . .      SeeInvis .   N - +6 mace of Vauq {pain, Int+7}
rCold   . . .      Faith    .   A - +0 kite shield of Inaction {rPois Will+}
rNeg    + . .      Spirit   .   F - +7 scale mail "Duvif" {+Inv rF+ Slay+3 Stlth-}
rPois   +          Reflect  .   (helmet restricted)
rElec   .          Harm     .   e - +2 cloak
rCorr   .          Rampage  .   X - +0 pair of gloves
Will    +....                   G - +1 pair of boots
Stlth   ..........              (no amulet)
HPRegen 0.00/turn               l - ring of the Writhing Queen {AC+4 Dex+3}
MPRegen 0.20/turn               v - +4 ring of slaying

@: lit by a corona, weak-willed, afraid, glowing, studying Ice Magic
A: damage resistance, heal wounds, negative energy resistance 1, sense
surroundings 2, no regeneration, antennae 1, iridescent scales 1, wild magic 1,
MP-powered wands
a: Heal Wounds, Renounce Religion, Evoke Invisibility, Minor Destruction, Lesser
Servant of Makhleb, Major Destruction, Greater Servant of Makhleb


You were on level 2 of the Shoals.
You worshipped Makhleb.
Makhleb was exalted by your worship.
You visited 5 branches of the dungeon, and saw 26 of its levels.
You also visited: Bailey.

You collected 5017 gold pieces.
You spent 756 gold pieces at shops.

Inventory:

Hand Weapons
 E - the +1 dagger "Bagob" {flame, Will+++ MP+9 Dex-4}
   (You found it in a bailey)

   It burns those it strikes, dealing additional fire damage.
   Dex:       It affects your dexterity (-4).
   MP:        It affects your magic capacity (+9).
   Will:      It greatly increases your willpower.
 N - the +6 mace of Vauq (weapon) {pain, Int+7}
   (You found it on level 13 of the Dungeon)

   In the hands of one skilled in necromantic magic, it inflicts extra damage on
   living creatures.
   Int:       It affects your intelligence (+7).
Missiles
 C - 4 throwing nets
Armour
 c - a scarf of resistance
 e - a +2 cloak (worn)
 A - the +0 kite shield of Inaction (worn) {rPois Will+}
   (You acquired it on level 2 of the Lair of Beasts)

   rPois:     It protects you from poison.
   Will:      It increases your willpower.
 F - the +7 scale mail "Duvif" (worn) {+Inv rF+ Slay+3 Stlth-}
   (You found it on level 1 of the Shoals)

   Slay:      It affects your accuracy & damage with ranged weapons and melee
   (+3).
   rF:        It protects you from fire.
   +Inv:      It lets you turn invisible.
   Stlth:     It makes you less stealthy.
 G - a +1 pair of boots (worn)
 X - a +0 pair of gloves (worn)
Magical Staves
 Y - a staff of death
Jewellery
 f - a ring of wizardry
 l - the ring of the Writhing Queen (left hand) {AC+4 Dex+3}
   (You acquired it on level 14 of the Dungeon)

   [ring of protection]

   AC:        It affects your AC (+4).
   Dex:       It affects your dexterity (+3).
 v - a +4 ring of slaying (right hand)
 z - a ring of protection from fire
 B - a +4 ring of evasion
Wands
 j - a wand of flame (12)
 q - a wand of digging (5)
 w - a wand of polymorph (26)
 y - a wand of iceblast (14)
 H - a wand of paralysis (5)
 Z - a wand of acid (11)
Scrolls
 a - 4 scrolls of magic mapping
 d - 7 scrolls of fear
 g - 5 scrolls of immolation
 i - 9 scrolls of enchant weapon
 k - 2 scrolls of silence
 p - 7 scrolls of blinking
 u - 7 scrolls of teleportation
 x - 3 scrolls of amnesia
 I - 3 scrolls of enchant armour {unknown}
 L - 3 scrolls of fog
 P - a scroll of torment {unknown}
 Q - a scroll of holy word
 V - 2 scrolls of brand weapon
Potions
 b - 3 potions of magic
 h - 6 potions of lignification
 n - 9 potions of curing
 o - 9 potions of brilliance
 s - 4 potions of attraction
 t - 5 potions of resistance
 D - 2 potions of invisibility
 J - a potion of haste {unknown}
 K - 4 potions of ambrosia
 O - 3 potions of cancellation {unknown}
 S - 4 potions of might
 T - a potion of heal wounds
 U - 3 potions of flight {unknown}
 W - 3 potions of mutation
Miscellaneous
 m - a tin of tremorstones (2/2)
 r - a phial of floods


   Skills:
 + Level 9.1 Fighting
 + Level 9.9 Maces & Flails
 + Level 10.8 Armour
 + Level 11.1 Dodging
 - Level 2.4 Stealth
 + Level 8.2 Shields
 + Level 8.9 Spellcasting
 + Level 14.0 Necromancy
 + Level 8.6 Translocations
 + Level 1.2 Earth Magic
 + Level 10.0 Invocations
 + Level 10.0 Evocations


You had 12 spell levels left.
You knew the following spells:

 Your Spells              Type           Power      Damage    Failure   Level
a - Vampiric Draining     Necr           91%        2d12      1%          3
b - Borgnjor's Vile Clut  Necr/Erth      33%        N/A       47%         5
c - Blink                 Tloc           100%       N/A       3%          2
d - Dispel Undead         Necr           91%        3d29      2%          4
e - Pain                  Necr           100%       1d9       1%          1
f - Animate Dead          Necr           45%        N/A       2%          4

Your spell library contained the following spells:

 Spells                   Type           Power      Damage    Failure   Level
 Animate Skeleton         Necr           100%       N/A       1%          1
 Sublimation of Blood     Necr           91%        N/A       1%          2
 Corpse Rot               Necr/Air       100%       N/A       5%          2
 Lesser Beckoning         Tloc           71%        N/A       5%          3
 Agony                    Necr           91%        N/A       5%          5
 Excruciating Wounds      Necr           45%        N/A       5%          5
 Portal Projectile        Hex/Tloc       100%       N/A       26%         3
 Manifold Assault         Tloc           71%        N/A       36%         5
 Shock                    Conj/Air       68%        1d7       43%         1
 Sting                    Tmut/Pois      68%        1d6       43%         1
 Summon Small Mammal      Summ           68%        N/A       43%         1
 Passwall                 Tmut/Erth      18%        N/A       47%         2
 Ensorcelled Hibernation  Hex/Ice        34%        N/A       56%         2
 Poisonous Vapours        Pois/Air       34%        N/A       56%         2
 Stone Arrow              Conj/Erth      44%        3d9       71%         3
 Call Canine Familiar     Summ           17%        N/A       78%         3
 Conjure Flame            Conj/Fire      17%        6-21      78%         3
 Frozen Ramparts          Ice            34%        1d5       78%         3
 Ignite Poison            Fire/Tmut/Pois 17%        N/A       78%         3
 Summon Guardian Golem    Hex/Summ       17%        N/A       78%         3
 Swiftness                Air            17%        N/A       78%         3
 Dispersal                Tloc           35%        N/A       88%         6
 Summon Forest            Summ/Tloc      25%        N/A       90%         5
 Animate Armour           Summ/Erth      44%        N/A       97%         4
 Leda's Liquefaction      Hex/Erth       11%        N/A       97%         4
 Petrify                  Tmut/Erth      22%        N/A       97%         4
 Airstrike                Air            8%         N/A       99%         4
 Ice Form                 Ice/Tmut       17%        N/A       99%         4
 Olgreb's Toxic Radiance  Pois           17%        N/A       99%         4
 Sticky Flame             Conj/Fire      17%        2d4       99%         4
 Summon Ice Beast         Ice/Summ       17%        N/A       99%         4
 Summon Lightning Spire   Summ/Air       17%        N/A       99%         4
 Alistair's Intoxication  Tmut/Pois      11%        N/A       100%        5
 Lee's Rapid Deconstruct  Erth           13%        3d10*     100%        5
 Metabolic Englaciation   Hex/Ice        8%         N/A       100%        5
 Summon Mana Viper        Hex/Summ       17%        N/A       100%        5
 Eringya's Noxious Bog    Tmut/Pois      8%         N/A       100%        6
 Statue Form              Tmut/Erth      14%        N/A       100%        6
 Summon Cactus Giant      Summ           8%         N/A       100%        6
 Storm Form               Tmut/Air       8%         N/A       100%        7
 Disjunction              Tloc           35%        N/A       100%        8
 Lehudib's Crystal Spear  Conj/Erth      11%        10d4      100%        8
 Maxwell's Capacitive Co  Air            8%         ∞         100%        8


Dungeon Overview and Level Annotations

Branches:
Dungeon (15/15)            Temple (1/1) D:7            Lair (6/6) D:8
 Shoals (1/4) Lair:3        Snake (0/4) Lair:3        Slime (0/5) Lair:5
    Orc (2/2) D:9             Elf (0/3) Orc:2        Vaults (0/5) D:14
 Depths (0/4) D:15         Bailey (visited)

Altars:
Ashenzari
Cheibriados
Dithmenos
Elyvilon
Fedhas
Gozag
Hepliaklqana
Kikubaaqudgha
Makhleb
Nemelex Xobeh
Okawaru
Qazlal
Ru
Sif Muna
Trog
Uskayaw
Vehumet
Wu Jian
Xom
Yredelemnul
Zin
The Shining One
Jiyva

Shops:
D:4 [   Orc:2 ((!*   Shoals:1 *

Portals:
Abyss: Orc:1

Annotations:
Lair:5 1 runed translucent door
Orc:1 1 transporter, Saawnycw's ghost, journeyman FoFi


Innate Abilities, Weirdness & Mutations

You are resistant to damage.
You can heal yourself by infusing magical energy.
You resist negative energy. (rN+)
You passively map the area around you.
You do not regenerate.
You have a pair of small antennae on your head.
You are partially covered in iridescent scales. (AC +2)
Your spells are a little harder to cast, but a little more powerful.
You expend magic power (3 MP) to strengthen your wands.


Message History

You block the snapping turtle's attack. The faun hits you with a +0 club!
The faun hits you but does no damage.
Your magical contamination has completely faded away.
You attempt to attack the satyr, but flinch away in fear!
The satyr shoots a sling bullet.
The sling bullet hits you!
The snapping turtle bites you but does no damage.
The faun unwields a +2 vorpal spear.
The faun wields a +0 hunting sling.
The faun shoots a sling bullet.
The sling bullet barely misses you. The faun hits you with a +0 club!!
Unknown command.
You hit the satyr.
The satyr writhes in agony!
The satyr is severely wounded.
The satyr shoots a sling bullet.
You block the sling bullet. The snapping turtle closely misses you.
The faun hits you with a +0 club.
* * * LOW HITPOINT WARNING * * *
The faun shoots a sling bullet.
The sling bullet hits you but does no damage.
You attempt to attack the satyr, but flinch away in fear!
The satyr shoots a sling bullet.
You block the sling bullet. The snapping turtle closely misses you.
You block the faun's attack.
The faun shoots a sling bullet.
The sling bullet hits you but does no damage.
The satyr shoots a sling bullet.
The sling bullet hits you but does no damage.
The snapping turtle bites you but does no damage.
You barely miss the satyr.
The satyr is severely wounded.
You block the faun's attack.
The faun shoots a sling bullet.
You block the sling bullet.
The satyr shoots a sling bullet.
The sling bullet hits you!
* * * LOW HITPOINT WARNING * * *
The snapping turtle bites you from afar!
* * * LOW HITPOINT WARNING * * *
You attempt to attack the satyr, but flinch away in fear!
The faun hits you with a +0 club!
* * * LOW HITPOINT WARNING * * *
The faun shoots a sling bullet.
The sling bullet hits you but does no damage.
The snapping turtle bites you from afar!
You die...

≈ ≈≈≈≈≈≈.....†.####.###
######## ≈≈≈≈≈≈≈≈≈≈≈≈..###..#
..#### ≈≈
≈≈≈≈≈≈≈≈≈≈≈......###......,,,
≈≈≈≈≈≈≈≈≈≈≈.........≈.... * ≈
≈≈≈≈≈≈≈≈≈...>≈≈...≈....*
≈≈≈≈≈..≈≈..≈≈≈≈≈.....≈. , , ≈
≈≈≈≈≈...≈≈≈≈≈≈≈≈≈≈≈.... ,,,
≈≈≈≈cc)c...≈≈≈≈≈≈≈≈.. ,*
≈≈≈....#@.≈≈≈≈.≈≈≈≈≈≈. ,, * ,
≈≈...##c....≈≈≈≈≈≈≈. , ** *
cc.....t...≈≈≈≈≈≈..≈
,cc.≈..$...≈≈≈≈≈≈≈.≈. , ,,
≈.c.....≈≈≈≈≈≈≈≈≈≈≈.. ,, ,,
.......≈≈≈≈≈≈≈≈≈≈≈≈≈,, ≈ ≈
......≈≈≈≈≈≈≈≈≈≈≈≈≈≈ , ≈
≈>....≈≈≈≈≈≈≈≈≈≈≈≈≈≈≈ ≈ ≈≈
≈≈≈≈≈≈≈≈≈≈≈≈≈≈≈≈≈≈≈ ≈


You could see a satyr (scary), a snapping turtle and 3 fauns.

Vanquished Creatures
  A titan (Shoals:2)
  A frost giant (D:15)
  The ghost of Deaggicw the Grappler, a journeyman DrTm of Qazlal (Lair:3)
  Snorg (D:12)
  A merfolk impaler (Shoals:1)
  7 hydras
  6 boulder beetles
  2 merfolk avatars
  8 centaur warriors
  A rakshasa (D:14)
  3 two-headed ogres
  4 death knights
  Erica (D:10)
  7 tengu warriors
  A deep troll earth mage (D:14)
  An orc high priest (Orc:2)
  Urug (D:10)
  Nergalle (Lair:3)
  11 skeletal warriors
  A glowing orange brain (D:15)
  4 sea snakes
  11 harpies
  A deep elf archer (D:14)
  3 orc knights
  A deep elf pyromancer (D:13)
  4 orc sorcerers (Orc:2)
  6 ugly things
  2 manticores
  A faun (Shoals:2)
  6 cyclopes
  6 elephants
  Maurice (Orc:1)
  A merfolk siren (Shoals:1)
  4 black mambas
  A torpor snail (Lair:6)
  A gargoyle (D:12)
  3 kobold demonologists
  16 cane toads
  2 rime drakes
  Psyche (D:10)
  9 komodo dragons
  5 unseen horrors
  4 freezing wraiths
  2 efreet
  A tengu conjurer (D:12)
  7 trolls
  3 meliai (D:15)
  3 wind drakes
  5 merfolk
  4 hornets
  10 slime creatures
  6 polar bears
  8 blink frogs
  A snapping turtle (Shoals:1)
  Sigmund (D:2)
  A culicivora (shapeshifter) (D:14)
  A water elemental (Shoals:2)
  A vampire (D:13)
  6 wyverns
  3 wraiths
  A shadow (D:9)
  44 yaks
  5 basilisks
  2 steam dragons
  2 vampire mosquitoes
  2 acid dragons
  2 nagas (Lair:3)
  16 water moccasins
  26 orc warriors
  4 black bears
  4 sky beasts
  An ice beast (D:7)
  7 centaurs
  9 boggarts
  An ogre (D:15)
  21 wolves
  A phantom (D:4)
  6 kobold brigands
  14 bullfrogs
  A necrophage (D:4)
  4 scorpions
  2 gnoll sergeants
  6 wights
  10 killer bees
  5 electric eels
  7 howler monkeys
  4 jellies
  2 hounds
  18 orc priests
  2 gnoll shamans
  4 iguanas
  23 orc wizards
  13 hell rats
  4 adders
  17 river rats
  24 gnolls
  A shadow imp (D:7)
  2 white imps (D:8)
  2 ufetubi (D:5)
  2 worms
  3 dart slugs
  60 orcs
  9 ball pythons
  3 bats
  14 endoplasms
  4 giant cockroaches
  8 goblins
  14 hobgoblins
  8 jackals
  8 quokkas
  3 frilled lizards (D:2)
  28 kobolds
  26 rats
725 creatures vanquished.

Vanquished Creatures (collateral kills)
  A fenstrider witch (shapeshifter) (D:8)
  A crystal guardian (D:14)
  A merfolk avatar (Shoals:1)
  2 cyclopes
  A manticore (Lair:6)
  A faun (Shoals:1)
  An elephant (Lair:6)
  2 gargoyles
  An efreet (D:14)
  2 merfolk (Shoals:1)
  A blink frog (Lair:6)
  An orc priest (Orc:2)
  An orc wizard (Orc:1)
  2 orcs (Orc:1)
  A rat (Lair:3)
19 creatures vanquished.

Vanquished Creatures (others)
  A wizard (D:14)
  A faun (Shoals:2)
  2 orc wizards (Orc:2)
  A butterfly (D:7)
  26 fungi
  63 plants
  2 withered plants (D:6)
96 creatures vanquished.

Grand Total: 840 creatures vanquished

Notes
Turn   | Place    | Note
-------+----------+-------------------------------------------
     0 | D:1      | siradein the Deep Dwarf Necromancer began the quest for the
                  | Orb.
     0 | D:1      | Reached XP level 1. HP: 15/15 MP: 3/3
   186 | D:1      | Reached XP level 2. HP: 17/22 MP: 3/5
   410 | D:1      | Reached skill level 5 in Necromancy
   959 | D:2      | Reached XP level 3. HP: 19/28 MP: 1/6
   963 | D:2      | Learned a level 3 spell: Vampiric Draining
  1247 | D:2      | Noticed Sigmund
  1992 | D:2      | Reached XP level 4. HP: 35/36 MP: 1/7
  3428 | D:4      | Reached skill level 6 in Necromancy
  3428 | D:4      | Reached XP level 5. HP: 25/43 MP: 2/9
  3501 | D:4      | Noticed a centaur
  3529 | D:4      | Killed a centaur
  3530 | D:4      | Reached skill level 1 in Fighting
  3530 | D:4      | Reached skill level 1 in Maces & Flails
  3530 | D:4      | Reached skill level 1 in Armour
  3716 | D:4      | Reached XP level 6. HP: 37/51 MP: 1/10
  4057 | D:4      | Found Ymo Waurch's Antique Armour Boutique.
  4383 | D:5      | Entered Level 5 of the Dungeon
  4478 | D:5      | Noticed a sky beast
  4484 | D:5      | Killed a sky beast
  4664 | D:5      | Reached XP level 7. HP: 58/58 MP: 11/11
  4812 | D:5      | Noticed a troll
  5052 | D:2      | Killed Sigmund
  5053 | D:2      | Reached skill level 7 in Necromancy
  5556 | D:6      | Noticed a steam dragon
  5570 | D:6      | Reached XP level 8. HP: 56/68 MP: 6/13
  5575 | D:6      | Learned a level 4 spell: Animate Dead
  5578 | D:6      | Learned a level 2 spell: Blink
  6007 | D:6      | Reached skill level 8 in Necromancy
  6079 | D:6      | Found an ancient bone altar of Kikubaaqudgha.
  6082 | D:6      | Found a blossoming altar of Fedhas.
  6944 | D:5      | Killed an unseen horror
  6945 | D:5      | Reached skill level 5 in Dodging
  6945 | D:5      | Gained mutation: You passively map the area around you.
                  | [Deep Dwarf growth]
  6945 | D:5      | Reached XP level 9. HP: 58/76 MP: 10/15
  7608 | D:5      | Killed a troll
  7609 | D:5      | Reached skill level 9 in Necromancy
  8068 | D:6      | Found a shimmering blue altar of Sif Muna.
  8257 | D:7      | Found a shadowy altar of Dithmenos.
  8278 | D:7      | Found a flagged portal.
  8288 | Bailey   | Entered a bailey
  8302 | Bailey   | HP: 1/78 [electric eel/bolt of electricity (8)]
  8493 | Bailey   | Reached skill level 5 in Armour
  8935 | Bailey   | Noticed an orc knight
  8944 | Bailey   | Killed an orc knight
  8945 | Bailey   | Reached skill level 5 in Maces & Flails
  8945 | Bailey   | Reached skill level 5 in Spellcasting
  8952 | Bailey   | Reached skill level 10 in Necromancy
  8952 | Bailey   | Reached XP level 10. HP: 59/87 MP: 2/17
  9136 | Bailey   | Found an iron altar of Okawaru.
 10186 | Bailey   | Identified the +1 dagger "Bagob" {flame, Will+++ MP+9
                  | Dex-4}
 10522 | D:7      | Reached skill level 5 in Fighting
 10525 | D:7      | Found a staircase to the Ecumenical Temple.
 10537 | Temple   | Entered the Ecumenical Temple
 10544 | Temple   | Became a worshipper of Makhleb the Destroyer
 10726 | D:7      | Found a white marble altar of Elyvilon.
 11640 | D:8      | Found a staircase to the Lair.
 11655 | Lair:1   | Entered Level 1 of the Lair of Beasts
 11656 | Lair:1   | Acquired 975 gold pieces
 12017 | D:8      | Noticed a two-headed ogre
 12213 | D:8      | Noticed a quicksilver dragon
 12369 | D:8      | Noticed a frost giant
 12382 | D:8      | Noticed an iron troll
 12382 | D:8      | a frost giant changed into an iron troll
 12383 | D:8      | Noticed a five-headed hydra
 12644 | D:8      | Noticed a caustic shrike
 12645 | D:8      | Noticed a shadow dragon
 12645 | D:8      | a caustic shrike changed into a shadow dragon
 12774 | D:8      | Noticed a cyclops
 12841 | D:9      | Reached skill level 11 in Necromancy
 13048 | D:9      | Reached * piety under Makhleb
 13269 | D:9      | Found an iron altar of Okawaru.
 13301 | D:9      | Noticed a two-headed ogre
 13395 | D:8      | Found a shimmering altar of Xom.
 13465 | D:10     | Entered Level 10 of the Dungeon
 13799 | D:10     | Noticed Erica
 13814 | D:10     | Killed Erica
 13815 | D:10     | Reached XP level 11. HP: 86/97 MP: 13/19
 13845 | D:10     | Reached skill level 1 in Invocations
 14037 | D:10     | Reached skill level 1 in Translocations
 14102 | D:10     | Noticed Urug
 14113 | D:10     | Killed Urug
 14338 | D:10     | Noticed Psyche
 14354 | D:10     | Killed Psyche
 15059 | D:9      | Reached skill level 1 in Evocations
 15090 | D:9      | Reached ** piety under Makhleb
 15255 | D:9      | Found a staircase to the Orcish Mines.
 15418 | D:9      | Killed a two-headed ogre
 15419 | D:9      | Reached skill level 1 in Shields
 16817 | D:11     | Noticed a boulder beetle
 16839 | D:11     | Killed a boulder beetle
 16904 | D:11     | Noticed a six-headed hydra
 16919 | D:11     | Killed a six-headed hydra
 17672 | D:8      | Reached *** piety under Makhleb
 17931 | D:8      | Got the Grimoire of Dark Snow
 17940 | D:8      | Noticed a green ugly thing
 17986 | D:8      | Killed a purple ugly thing
 17987 | D:8      | Reached XP level 12. HP: 102/106 MP: 12/21
 18062 | D:8      | Killed a two-headed ogre
 19030 | Lair:1   | Identified the +3 dagger of Qentuid {vorpal, Fragile rCorr
                  | Str+6 SInv}
 19089 | Lair:1   | Reached skill level 12 in Necromancy
 19753 | Lair:1   | Gained mutation: Your skin changes colour to match your
                  | surroundings (Stealth+). [potion of mutation]
 19753 | Lair:1   | Gained mutation: You have hidden genetic defects. [potion
                  | of mutation]
 19981 | Lair:2   | Reached skill level 5 in Invocations
 20524 | Lair:2   | Reached **** piety under Makhleb
 21067 | Lair:2   | Gained mutation: You are weak. (Str -2) [hidden defects]
 21303 | Lair:2   | Reached skill level 5 in Evocations
 22031 | Lair:2   | Acquired the +0 kite shield of Inaction {rPois Will+}
 22205 | Lair:3   | Found a staircase to the Snake Pit.
 22269 | Lair:3   | Noticed Nergalle
 22282 | Lair:3   | Killed Nergalle
 22388 | Lair:3   | Found a staircase to the Shoals.
 22654 | Lair:3   | Gained mutation: Armour fits poorly on your strangely
                  | shaped body. [hidden defects]
 22654 | Lair:3   | Lost mutation: You have hidden genetic defects. [hidden
                  | defects expressed]
 22704 | Lair:3   | Lost mutation: Your skin changes colour to match your
                  | surroundings (Stealth+). [potion of mutation]
 22704 | Lair:3   | Lost mutation: Armour fits poorly on your strangely shaped
                  | body. [potion of mutation]
 22704 | Lair:3   | Lost mutation: You are weak. (Str -2) [potion of mutation]
 22704 | Lair:3   | Gained mutation: You expend magic power (3 MP) to
                  | strengthen your wands. [potion of mutation]
 22704 | Lair:3   | Gained mutation: Your spells are a little harder to cast,
                  | but a little more powerful. [potion of mutation]
 22704 | Lair:3   | Gained mutation: You have a pair of small antennae on your
                  | head. [potion of mutation]
 22704 | Lair:3   | Gained mutation: You are partially covered in iridescent
                  | scales. (AC +2) [potion of mutation]
 22844 | Lair:3   | Found a runed translucent door.
 23201 | Lair:3   | Noticed a boulder beetle
 23218 | Lair:3   | Killed a boulder beetle
 23219 | Lair:3   | Reached skill level 5 in Translocations
 23219 | Lair:3   | Reached XP level 13. HP: 70/110 MP: 8/23
 23422 | Lair:3   | Reached ***** piety under Makhleb
 24075 | Lair:3   | Noticed Deaggicw's ghost (journeyman DrTm)
 24082 | Lair:3   | Learned a level 4 spell: Dispel Undead
 24085 | Lair:3   | Killed Deaggicw's ghost
 24822 | Lair:4   | Reached skill level 5 in Shields
 26903 | Lair:5   | Found a runed translucent door.
 26904 | Lair:5   | Found a viscous altar of Jiyva.
 26905 | Lair:5   | Noticed an acid blob
 26905 | Lair:5   | Noticed an acid blob
 26906 | Lair:5   | Found a staircase to the Slime Pits.
 27181 | Lair:5   | You fall into a shaft and drop 1 floor!
 27181 | Lair:6   | Entered Level 6 of the Lair of Beasts
 29129 | Lair:6   | Gained mutation: You resist negative energy. (rN+) [Deep
                  | Dwarf growth]
 29129 | Lair:6   | Reached XP level 14. HP: 119/124 MP: 25/25
 30178 | D:12     | Reached skill level 13 in Necromancy
 31308 | D:12     | Noticed Snorg
 31328 | D:12     | Killed Snorg
 31386 | D:12     | You fall into a shaft and drop 2 floors!
 31753 | Orc:1    | Entered Level 1 of the Orcish Mines
 32193 | Orc:1    | Noticed Maurice
 32218 | Orc:1    | Killed Maurice
 32457 | Orc:1    | Found a transporter.
 32585 | Orc:1    | Found a transporter.
 32585 | Orc:1    | Noticed Saawnycw's ghost (journeyman FoFi)
 32602 | Orc:1    | Found a one-way gate to the infinite horrors of the Abyss.
 32833 | Orc:2    | Entered Level 2 of the Orcish Mines
 32833 | Orc:2    | Found a staircase to the Elven Halls.
 33696 | Orc:2    | Reached ****** piety under Makhleb
 34591 | Orc:2    | Reached skill level 10 in Dodging
 34742 | Orc:2    | Found Udwiv's Weapon Boutique.
 34742 | Orc:2    | Found Zeneag's Antique Weapon Boutique.
 34781 | Orc:2    | Found Tinyokif's Distillery.
 34781 | Orc:2    | Found Qatog Rag's General Store.
 34802 | Orc:2    | Bought a potion of ambrosia for 80 gold pieces
 34802 | Orc:2    | Bought a potion of heal wounds for 50 gold pieces
 34802 | Orc:2    | Bought a potion of curing for 30 gold pieces
 34802 | Orc:2    | Bought a potion of curing for 30 gold pieces
 34802 | Orc:2    | Bought a potion of curing for 30 gold pieces
 35390 | D:13     | Identified the +6 mace of Vauq {pain, Int+7}
 36809 | D:8      | Noticed a fenstrider witch
 36828 | D:8      | Killed a fenstrider witch
 37550 | D:14     | Acquired the ring of the Writhing Queen {AC+4 Dex+3}
 37555 | D:14     | Acquired 1231 gold pieces
 37938 | D:14     | Reached skill level 10 in Armour
 38892 | D:14     | Reached XP level 15. HP: 75/134 MP: 9/27
 40799 | D:14     | Found a gate to the Vaults.
 41422 | D:15     | Entered Level 15 of the Dungeon
 42159 | D:15     | Found an ornate altar of the Wu Jian Council.
 43781 | D:15     | Found a staircase to the Depths.
 43781 | D:15     | Noticed a frost giant
 43790 | D:15     | Killed a frost giant
 44247 | Shoals:1 | Entered Level 1 of the Shoals
 44247 | Shoals:1 | Found Goguxovo's Assorted Antiques.
 44361 | Shoals:1 | Bought a potion of mutation for 232 gold pieces
 44361 | Shoals:1 | Bought a scroll of immolation for 101 gold pieces
 44361 | Shoals:1 | Bought a potion of brilliance for 116 gold pieces
 44361 | Shoals:1 | Bought a potion of curing for 87 gold pieces
 44789 | Shoals:1 | HP: 6/135 [harpy (7)]
 45252 | Shoals:1 | Identified the +7 scale mail "Duvif" {+Inv rF+ Slay+3
                  | Stlth-}
 45500 | Shoals:1 | Learned a level 5 spell: Borgnjor's Vile Clutch
 45525 | Shoals:1 | Reached skill level 14 in Necromancy
 45525 | Shoals:1 | Reached skill level 10 in Invocations
 45772 | Shoals:1 | You fall into a shaft and drop 1 floor!
 45772 | Shoals:2 | Noticed a titan
 45779 | Shoals:2 | Killed a titan
 45780 | Shoals:2 | Reached skill level 1 in Earth Magic
 46115 | Shoals:2 | Reached skill level 10 in Evocations
 46358 | Shoals:2 | Slain by a snapping turtle

Illustrated notes

Levels and vault maps discovered:
D:1:      minmay_arrival_checkered_box, layout_basic, patterned_corridor
D:2:      kb_forest_paths, layout_basic, kennysheep_generic_room_4, uniq_sigmund
D:3:      layout_basic, serial_bayou_pond_d
D:4:      layout_loops_ring, serial_shops, nicolae_diamond_shop
D:5:      layout_loops_corners, minmay_misc_feat_four_crosses,
          minmay_manual_monstrance
D:6:      layout_basic, grunt_temple_overflow_growth_and_decay,
          nicolae_sif_muna_little_library, abandoned_shop,
          nicolae_lava_and_water
D:7:      layout_cave_pods, nicolae_elyvilon_peaceful_grove,
          mainiacjoe_overflow_cross_hatched, minmay_temple_entry_ruins,
          enter_bailey_6
D:8:      minmay_the_grid_triangle_9x9_recursive_2
          [minmay_the_grid_triangle_9x9_prize_top_heavy,
          minmay_the_grid_triangle_9x9_zippers_horizontal,
          minmay_the_grid_triangle_9x9_dagger,
          minmay_the_grid_triangle_9x9_sprig], layout_gridville,
          general_overflow_altar, grunt_potential
D:9:      layout_cave_pools, mainiacjoe_overflow_small_starburst,
          hiddenorc1_lemuel, serial_park_tiny_2
D:10:     layout_loops_corners, uniq_psyche, uniq_urug, uniq_erica
D:11:     layout_loops_ring
D:12:     layout_roguey, kennysheep_generic_room_9, uniq_snorg
D:13:     layout_irregular_city, library_closet, minmay_fractal_squares_5
D:14:     nzn_winding_woodlands_cross [nzn_winding_woodlands_5x15_sidewinder,
          nzn_winding_woodlands_5x15_pockets,
          nzn_winding_woodlands_5x15_lazy_stream,
          nzn_winding_woodlands_5x15_pool, nzn_winding_woodlands_15x15_killbox],
          layout_loops_cross, minivault_11
D:15:     grunt_enter_depths_snipers, layout_loops_ring, grunt_decor_junction,
          pdpol_wu_jian_five_deadly_venoms
Temple:   nicolae_temple_no_exploring_needed
Lair:1:   layout_regular_city
Lair:2:   layout_long_grid, kennysheep_abandoned_house, grunt_megastairs_4
Lair:3:   lemuel_ratsnest, layout_cave_pods, minmay_shoals_entry_centaurs,
          guppyfry_snake_entry_garden, ebering_ghost_reflecting_pool,
          uniq_nergalle
Lair:4:   layout_regular_city, st_stairs_3, small_statue_intersection,
          nicolae_lair_liquid_snakes, lemuel_fruit_fields, lemuel_fruit_tree
Lair:5:   layout_gridlike, slime_altar_2, serial_bayou_pond_b
Lair:6:   gammafunk_lair_ancient_temple, layout_misc_corridors, st_stairs_10,
          fungi_pond_lemuel
Shoals:1: layout_shoals, serial_shops, shop_statue
Shoals:2: cheibrodos_shoals_gigantism, layout_shoals,
          ebering_ghost_reflecting_pool, nicolae_shoals_loop_pool
Orc:1:    layout_caves, gammafunk_ghost_abyssal_escape, uniq_maurice
Orc:2:    st_orc_mages, layout_diamond_mine

Skill      XL: |  1  2  3  4  5  6  7  8  9 10 11 12 13 14 15 |
---------------+----------------------------------------------+-----
Spellcasting   | 2 3 4 5 6 7 8 |  8.9
Necromancy     | 5 6 7 8 10 11 12 13 14 | 14.0
Fighting       | 1 2 3 4 5 6 7 8 9 |  9.1
Maces & Flails | 1 2 3 5 6 7 8 9 |  9.9
Armour         | 1 2 3 4 5 6 7 8 9 10 | 10.8
Dodging        | 3 5 6 7 8 9 10 11 | 11.1
Invocations    | 4 5 7 8 10 | 10.0
Translocations | 3 5 6 7 8 |  8.6
Evocations     | 3 5 7 8 10 | 10.0
Shields        | 2 4 6 7 8 |  8.2
Earth Magic    | 1 |  1.2
Stealth        | |  2.4

Action                   |  1- 3 |  4- 6 |  7- 9 | 10-12 | 13-15 || total
-------------------------+-------+-------+-------+-------+-------++-------
Melee: Unarmed           |    21 |       |       |       |       ||    21
       Dagger            |    27 |       |       |   368 |   188 ||   583
       Flail             |       |    95 |   174 |   454 |   404 ||  1127
       Punch             |       |       |     2 |     1 |       ||     3
       Morningstar       |       |       |       |       |   113 ||   113
       Mace              |       |       |       |       |   213 ||   213
       Staff             |       |       |       |       |    28 ||    28
Throw: Dart              |       |       |     6 |    15 |       ||    21
       Throwing net      |       |       |     1 |       |       ||     1
 Cast: Pain              |    59 |     2 |     2 |     2 |       ||    65
       Vampiric Draining |     8 |    31 |   131 |   466 |   852 ||  1488
       Blink             |       |       |       |     9 |     8 ||    17
       Animate Dead      |       |       |       |     7 |    20 ||    27
       Dispel Undead     |       |       |       |       |    40 ||    40
Invok: Lesser Servant of |       |       |       |       |    13 ||    13
 Abil: Heal Wounds       |       |       |     1 |       |     3 ||     4
Evoke: Wand              |       |       |       |     3 |       ||     3
  Use: Scroll            |       |     4 |     1 |    10 |    19 ||    34
       Potion            |       |       |       |     5 |     7 ||    12
 Stab: Sleeping          |       |     7 |       |       |       ||     7
       Held in net/web   |       |       |     2 |       |       ||     2
       Distracted        |       |       |       |       |     2 ||     2
Armor: Robe              |     9 |       |       |       |       ||     9
       Leather armour    |    13 |    44 |    57 |       |       ||   114
       Troll leather arm |       |       |    41 |    10 |   520 ||   571
       Ring mail         |       |       |       |   427 |   340 ||   767
       Scale mail        |       |       |       |       |    28 ||    28
Dodge: Dodged            |    43 |   119 |   374 |  1188 |  1538 ||  3262
       Repelled          |       |       |       |     9 |       ||     9
Block: Buckler           |       |       |       |   160 |       ||   160
       Kite shield       |       |       |       |    50 |  1185 ||  1235

Table legend: (Time is in decaauts)
 A = Elapsed time spent in this place.
 B = Non-inter-level travel time spent in this place.
 C = Inter-level travel time spent in this place.
 D = Time resting spent in this place.
 E = Time spent auto-exploring this place.
 F = Levels seen in this place.
 G = Mean time per level.
                   A        B        C        D        E       F      G
               +--------+--------+--------+--------+--------+-----+--------+
         Total |  46841 |  44831 |   2010 |   6523 |  27987 |  27 | 1734.9 |
       Dungeon |  27187 |  25510 |   1677 |   3827 |  15857 |  15 | 1812.5 |
        Temple |     14 |     14 |      0 |      0 |      0 |   1 |   14.0 |
          Lair |  12253 |  11982 |    271 |    973 |   8263 |   6 | 2042.2 |
        Shoals |   1863 |   1863 |      0 |    239 |   1229 |   2 |  931.5 |
  Orcish Mines |   3576 |   3515 |     61 |    561 |   2060 |   2 | 1788.0 |
        Bailey |   1945 |   1945 |      0 |    923 |    577 |   1 | 1945.0 |
               +--------+--------+--------+--------+--------+-----+--------+

Top non-repeatable levels by time:
    D:14: 3208 daAuts
     D:8: 2491 daAuts
  Lair:3: 2443 daAuts
    D:13: 2440 daAuts
  Lair:2: 2362 daAuts
   Orc:2: 2195 daAuts
  Lair:6: 2160 daAuts
     D:5: 2147 daAuts
    D:15: 2106 daAuts
    D:10: 1972 daAuts
    D:11: 1953 daAuts
  Bailey: 1945 daAuts
  Lair:5: 1930 daAuts
  Lair:4: 1841 daAuts
     D:9: 1645 daAuts
